Map: [ESL] Alcyone

Players

DnS - Winner!

  • Race: Protoss Protoss
  • Spawn Location: 1:00

Dolan

  • Race: Terran Terran
  • League: Master
  • Spawn Location: 7:00

Event: HomeStory Cup XXIV

VOD

Have the link to the VOD?

Description

Time

  • Played on: Dec. 1, 2023, 9:22 a.m.
  • Length: 6:27

All games in this series

Show
View Real Time Build Order
Export as new Build Order

DnS Protoss - Winner!

Build Orders: 1 Gate Expand, Oracle Opening 

Get SALT Encoding   

  12  0:00  Probe  
  13  0:12  Probe  
  14  0:18  Pylon  
  14  0:24  Probe (Chrono Boost)  
  15  0:36  Gateway  
  15  0:37  Probe (Chrono Boost)  
  16  0:44  Probe (Chrono Boost)  
  16  0:46  Assimilator  
  17  0:51  Probe  
  18  1:03  Probe  
  19  1:15  Probe  
  20  1:24  Cybernetics Core  
  20  1:35  Nexus  
  20  1:39  Probe  
  21  1:45  Pylon  
  21  1:51  Probe  
  22  1:56  Assimilator  
  22  2:01  Adept (Chrono Boost)  
  22  2:04  Probe  
  25  2:15  Stargate  
  25  2:17  Probe  
  25  2:21  Adept (Chrono Boost)  
  29  2:30  Probe  
  29  2:31  Warp Gate  
  29  2:42  Probe  
  30  2:47  Adept  
  30  2:50  Probe  
  33  2:53  Shield Battery  
  33  2:57  Probe  
  34  3:02  Probe  
  34  3:04  Oracle (Chrono Boost)  
  37  3:10  Probe  
  39  3:14  Probe, Pylon  
  40  3:23  Probe (Chrono Boost)  
  40  3:27  Twilight Council, Probe (Chrono Boost)  
  43  3:38  Probe (Chrono Boost)  
  43  3:40  Probe (Chrono Boost)  
  44  3:47  Oracle  
  42  3:56  Probe  
  42  3:57  Shield Battery  
  42  3:59  Pylon  
  42  4:02  Gateway  
  41  4:03  Gateway  
  41  4:11  Probe  
  41  4:13  Probe  
  39  4:23  Stalker  
  39  4:24  Probe  
  38  4:32  Probe (Chrono Boost)  
  40  4:40  Probe (Chrono Boost)  
  40  4:41  Twilight Council  
  40  4:44  Probe (Chrono Boost)  
  41  4:47  Stalker  
  41  4:49  Probe (Chrono Boost)  
  41  4:50  Probe (Chrono Boost)  
  45  4:58  Probe, Stalker x2  
  50  5:00  Probe  
  51  5:09  Pylon  
  51  5:10  Probe  
  51  5:12  Probe  
  53  5:14  Stalker  
  55  5:23  Probe  
  55  5:24  Probe  
  55  5:41  Stalker x3, Probe x2  
  60  5:53  Nexus  
  60  5:55  Probe  
  60  5:56  Pylon  
  61  5:59  Probe  
  61  6:02  Assimilator  
  62  6:07  Probe, Pylon  
  63  6:11  Probe  
Show
View Real Time Build Order
Export as new Build Order

Dolan Terran 

Build Orders:  

Get SALT Encoding   

  12  0:00  SCV  
  13  0:12  SCV  
  14  0:17  Supply Depot  
  14  0:24  SCV  
  15  0:39  SCV  
  15  0:40  Barracks  
  16  0:52  SCV  
  16  0:54  Refinery  
  17  1:02  Barracks  
  17  1:05  SCV  
  18  1:17  SCV  
  19  1:27  Marine  
  20  1:47  Command Center  
  20  1:53  Barracks Reactor  
  20  1:55  Barracks Tech Lab  
  20  2:04  SCV  
  20  2:07  Supply Depot  
  23  2:15  Marauder  
  23  2:20  Concussive Shells  
  23  2:29  Marine x2  
  27  2:37  Marauder  
  27  2:50  Marine  
  27  2:51  Marine  
  31  2:58  Marauder  
  30  3:06  Orbital Command  
  30  3:10  Marine x2  
  32  3:20  Marauder  
  34  3:28  Marine x2  
  34  3:32  Orbital Command, SCV  
  37  3:42  Marauder  
  37  3:55  Marine x2  
  34  4:00  SCV x2  
  36  4:03  Factory, Marine  
  34  4:12  Marine  
  34  4:13  SCV x2, Marine  
  36  4:20  Marine  
  35  4:26  SCV x2  
  36  4:35  Refinery  
  33  4:38  SCV x2  
  33  4:40  Engineering Bay  
  33  4:45  Bunker, Barracks  
  35  4:50  Marine x2  
  37  4:54  Cyclone  
  38  5:04  SCV  
  38  5:09  Missile Turret  
  38  5:13  SCV  
  39  5:16  SCV  
  40  5:25  SCV  
  40  5:28  SCV  
  34  5:36  Marine  
  34  5:37  SCV, Marine x2  
  34  5:40  SCV  
  34  5:48  Starport  
  34  5:49  SCV  
  34  5:52  SCV  
  34  5:54  Marine  
  34  5:55  Marine x2  
  37  6:00  Factory Reactor  
  37  6:04  SCV  
  37  6:10  Barracks Tech Lab  
  37  6:13  Barracks Tech Lab  
Tags
 
Add a new tag
Caveats
  • Supply blocks, unpowered buildings, or Contaminate may cause inaccurate times.
  • Supply counts are checked every 10 seconds.